 Dungeon Crawl Stone Soup version 0.31-a0-152-g6aa68a64a1 (webtiles) character file.

Game seed: 4916151673200024441

373 qw the Shooter (level 6, 0/57 HPs)
             Began as a Naga Hunter on June 9, 2023.
             Slain by a gnoll
             ... wielding a +0 spear
              (2 damage)
             ... on level 4 of the Dungeon.
             The game lasted 00:01:15 (2402 turns).

qw the Shooter (Naga Hunter)                        Turns: 2402, Time: 00:01:15

Health: 0/57       AC:  5    Str: 13    XL:     6   Next: 71%
Magic:  6/6        EV:  9    Int: 10    God:
Gold:   213        SH:  0    Dex: 16    Spells: 5/5 levels left

rFire   . . .        Y - +0 shortbow
rCold   . . .        (shield currently unavailable)
rNeg    . . .        c - +0 leather armour
rPois   +            (no helmet)
rElec   .            h - +0 cloak
rCorr   .            f - +0 pair of gloves
SInv    +            (no barding)
Will    .....        (no amulet)
Stlth   ++           (no ring)
HPRegen 0.29/turn    (no ring)
MPRegen 0.10/turn

%: no passive effects
@: very slow
A: AC +2, large, see invisible, deformed body, poison resistance, slowness 2,
spit poison 1, naga tail 1
a: Spit Poison


You were on level 4 of the Dungeon.
You visited 1 branch of the dungeon, and saw 4 of its levels.

You collected 213 gold pieces.


Innate Abilities, Weirdness & Mutations

Your serpentine skin is tough. (AC +2)
You have supernaturally acute eyesight. (SInv)
Armour fits poorly on your strangely shaped body.
Your system is resistant to poisons. (rPois)
You cover ground very slowly.
You can spit poison.
You have a snake-like lower body.


   Skills:
 - Level 4.0 Fighting
 + Level 6.3 Ranged Weapons
 - Level 1.5 Dodging
 - Level 1.5 Stealth


You had 5 spell levels left.
You didn't know any spells.
Your spell library was empty.

Inventory:

Hand Weapons
 Y - a +0 shortbow (weapon)
Armour
 c - a +0 leather armour (worn)
 f - a +0 pair of gloves (worn)
 h - a +0 cloak (worn)
Jewellery
 n - a ring of ice
Scrolls
 a - a scroll of identify
 b - a scroll of silence {unknown}
 j - a scroll of teleportation {unknown}
Potions
 d - 2 potions of curing
 e - a potion of enlightenment {unknown}
 g - 2 potions of degeneration {unknown}
 i - a potion of haste {unknown}
 k - a potion of attraction {unknown}
 l - a potion of resistance {unknown}
 m - a potion of might {unknown}
 o - a potion of magic {unknown}

Dungeon Overview and Level Annotations

Branches:
Dungeon (4/15)
 Temple: D:4-7

Altars:
Ru


Message History

The gnoll barely misses you. The gnoll hits you with a +0 whip. x2
You shoot an arrow. The arrow closely misses the gnoll.
The gnoll hits you but does no damage.
The gnoll hits you from afar with a +0 spear.
The gnoll hits you with a +0 whip. x2
The gnoll hits you from afar with a +0 spear.
The gnoll hits you with a +0 whip.
You shoot an arrow. The arrow barely misses the gnoll.
You have got your breath back.
The gnoll closely misses you. The gnoll hits you with a +0 whip. x2
2397 ||| INVOKING Spit Poison.
Aiming: Spit Poison (1% risk of failure)
Press: ? - help, Shift-Dir - straight line, f/p - gnoll The splash of poison hits the gnoll.
The gnoll is severely wounded.
The gnoll hits you from afar with a +0 spear.
The gnoll barely misses you. The gnoll closely misses you.
You shoot an arrow. The arrow hits the gnoll.
The gnoll is almost dead.
A gnoll comes into view. It is wielding a +0 halberd.
The gnoll hits you from afar with a +0 spear.
The gnoll hits you with a +0 whip! The gnoll hits you but does no damage.
2399 ||| Stepping ~*~*~tactically~*~*~ (outnumbered).
The gnoll attacks as you move away! The gnoll hits you with a +0 whip.
You see here a throwing net.
You shoot an arrow. The gnoll shouts!
The arrow hits the gnoll.
You kill the gnoll!
You hear a shout!
The ufetubus barely misses you. The ufetubus hits you.
You shoot an arrow. The arrow hits the ufetubus!
You kill the ufetubus!
The gnoll closely misses you. The gnoll completely misses you.
Your Fighting skill increases to level 4!
You shoot an arrow. The arrow hits the gnoll.
The gnoll is heavily wounded.
You have got your breath back.
The gnoll hits you from afar with a +0 spear.
You die...

#.###.... .. ...
........ #..... ..##..
.......... ...##.
.....! #......... ...#
##
......#..............
...................
......) ............
#...g##.#..........
#....g@.....(.......
#...g####.............
#......#...............
? ....................
...................#
...................#
...............##..# .#
..................###..
...................#..#


You could see 3 gnolls.

Vanquished Creatures
  An ogre (D:4)
  2 orc priests (D:4)
  5 gnolls
  6 adders
  An ufetubus (D:4)
  3 worms (D:2)
  6 dart slugs
  9 orcs
  7 endoplasms
  4 giant cockroaches
  5 goblins
  9 hobgoblins
  8 jackals
  3 quokkas
  10 ball pythons
  5 bats
  4 frilled lizards
  5 kobolds
  4 rats
97 creatures vanquished.

Notes
Turn   | Place    | Note
-------+----------+-------------------------------------------
     0 | D:1      | qw the Naga Hunter began the quest for the Orb.
     0 | D:1      | Reached XP level 1. HP: 19/19 MP: 1/1
     0 | D:1      | 0 ||| qw: Version: 0.2-a-122-gbc61b45
     0 | D:1      | 0 ||| qw: Game counter: 3460
     0 | D:1      | 0 ||| qw: Always use a shield: true
     0 | D:1      | 0 ||| qw: God list: Okawaru
     0 | D:1      | 0 ||| qw: Allow faded altars: false
     0 | D:1      | 0 ||| qw: Do Orc after D:15 true
     0 | D:1      | 0 ||| qw: Do second Lair branch before Depths: true
     0 | D:1      | 0 ||| qw: Lair rune preference: random
     0 | D:1      | 0 ||| qw: Plans: Normal
     0 | D:1      | 0 ||| PLANNING D:1-11
     2 | D:1      | 2 ||| INVOKING Spit Poison.
    58 | D:1      | 58 ||| INVOKING Spit Poison.
    64 | D:1      | 64 ||| INVOKING Spit Poison.
   113 | D:1      | 113 ||| INVOKING Spit Poison.
   117 | D:1      | 117 ||| INVOKING Spit Poison.
   224 | D:1      | 224 ||| INVOKING Spit Poison.
   225 | D:1      | Reached skill level 4 in Ranged Weapons
   225 | D:1      | Reached XP level 2. HP: 26/26 MP: 2/2
   234 | D:1      | 234 ||| INVOKING Spit Poison.
   328 | D:1      | 328 ||| INVOKING Spit Poison.
   329 | D:1      | 329 ||| INVOKING Spit Poison.
   333 | D:1      | 333 ||| INVOKING Spit Poison.
   341 | D:1      | 341 ||| INVOKING Spit Poison.
   375 | D:1      | 375 ||| INVOKING Spit Poison.
   430 | D:1      | 430 ||| INVOKING Spit Poison.
   435 | D:1      | 435 ||| INVOKING Spit Poison.
   436 | D:1      | 436 ||| INVOKING Spit Poison.
   437 | D:1      | Reached XP level 3. HP: 29/32 MP: 3/3
   442 | D:1      | 442 ||| INVOKING Spit Poison.
   636 | D:1      | 636 ||| INVOKING Spit Poison.
   666 | D:1      | 666 ||| INVOKING Spit Poison.
   795 | D:1      | 795 ||| UPGRADING to +0 cloak.
   800 | D:1      | 800 ||| READING scroll labelled JUOSYGGAIH.
   801 | D:1      | 801 ||| READING scroll labelled WEOJUEL SIAST.
   802 | D:1      | 802 ||| READING scroll labelled JEFOCH HIEFO.
   803 | D:1      | 803 ||| READING scroll labelled BUATHREY GOISUL.
   804 | D:1      | 804 ||| DROPPING scroll of butterflies.
   827 | D:2      | 827 ||| INVOKING Spit Poison.
   833 | D:2      | 833 ||| INVOKING Spit Poison.
   836 | D:2      | 836 ||| INVOKING Spit Poison.
   839 | D:2      | 839 ||| INVOKING Spit Poison.
   845 | D:2      | 845 ||| INVOKING Spit Poison.
   850 | D:2      | Reached skill level 5 in Ranged Weapons
   850 | D:2      | Reached XP level 4. HP: 39/39 MP: 4/4
   850 | D:2      | 850 ||| INVOKING Spit Poison.
   855 | D:2      | 855 ||| INVOKING Spit Poison.
   867 | D:2      | 867 ||| INVOKING Spit Poison.
   869 | D:2      | 869 ||| Stepping ~*~*~tactically~*~*~ (outnumbered).
   871 | D:2      | 871 ||| INVOKING Spit Poison.
   875 | D:2      | 875 ||| INVOKING Spit Poison.
   882 | D:2      | 882 ||| INVOKING Spit Poison.
   886 | D:2      | 886 ||| INVOKING Spit Poison.
   970 | D:2      | 970 ||| INVOKING Spit Poison.
  1021 | D:2      | 1021 ||| INVOKING Spit Poison.
  1027 | D:2      | 1027 ||| INVOKING Spit Poison.
  1047 | D:2      | 1047 ||| INVOKING Spit Poison.
  1073 | D:2      | 1073 ||| INVOKING Spit Poison.
  1082 | D:2      | 1082 ||| INVOKING Spit Poison.
  1084 | D:2      | Reached skill level 3 in Fighting
  1090 | D:2      | 1090 ||| INVOKING Spit Poison.
  1102 | D:2      | 1102 ||| INVOKING Spit Poison.
  1106 | D:2      | 1106 ||| INVOKING Spit Poison.
  1108 | D:2      | 1108 ||| INVOKING Spit Poison.
  1112 | D:2      | 1112 ||| INVOKING Spit Poison.
  1226 | D:2      | 1226 ||| INVOKING Spit Poison.
  1227 | D:2      | Reached XP level 5. HP: 49/49 MP: 5/5
  1277 | D:2      | 1277 ||| INVOKING Spit Poison.
  1333 | D:2      | 1333 ||| UPGRADING to +0 pair of gloves.
  1338 | D:2      | 1338 ||| READING scroll labelled QESAXITOATT.
  1339 | D:2      | 1339 ||| READING scroll labelled IGIUVU MYFOSAN.
  1414 | D:3      | Found a faded altar of an unknown god.
  1422 | D:3      | 1422 ||| INVOKING Spit Poison.
  1484 | D:3      | 1484 ||| INVOKING Spit Poison.
  1487 | D:3      | 1487 ||| INVOKING Spit Poison.
  1493 | D:3      | 1493 ||| INVOKING Spit Poison.
  1496 | D:3      | 1496 ||| INVOKING Spit Poison.
  1501 | D:3      | 1501 ||| INVOKING Spit Poison.
  1545 | D:3      | 1545 ||| INVOKING Spit Poison.
  1648 | D:3      | 1648 ||| INVOKING Spit Poison.
  1655 | D:3      | 1655 ||| INVOKING Spit Poison.
  1675 | D:3      | 1675 ||| INVOKING Spit Poison.
  1733 | D:3      | 1733 ||| INVOKING Spit Poison.
  1739 | D:3      | 1739 ||| INVOKING Spit Poison.
  1743 | D:3      | 1743 ||| INVOKING Spit Poison.
  1750 | D:3      | 1750 ||| INVOKING Spit Poison.
  1754 | D:3      | 1754 ||| INVOKING Spit Poison.
  1797 | D:3      | 1797 ||| INVOKING Spit Poison.
  1828 | D:3      | 1828 ||| INVOKING Spit Poison.
  1919 | D:3      | 1919 ||| INVOKING Spit Poison.
  1986 | D:3      | 1986 ||| DRINKING 3 viscous blue potions.
  1999 | D:4      | 1999 ||| INVOKING Spit Poison.
  2009 | D:4      | Noticed an ogre
  2010 | D:4      | 2010 ||| INVOKING Spit Poison.
  2015 | D:4      | 2015 ||| INVOKING Spit Poison.
  2016 | D:4      | Killed an ogre
  2017 | D:4      | Reached skill level 6 in Ranged Weapons
  2017 | D:4      | Reached XP level 6. HP: 30/56 MP: 6/6
  2017 | D:4      | 2017 ||| FLEEEEING.
  2018 | D:4      | 2018 ||| FLEEEEING.
  2019 | D:4      | 2019 ||| FLEEEEING.
  2020 | D:4      | 2020 ||| FLEEEEING.
  2021 | D:4      | 2021 ||| FLEEEEING.
  2022 | D:4      | 2022 ||| STAIRDANCE
  2104 | D:4      | 2104 ||| INVOKING Spit Poison.
  2107 | D:4      | 2107 ||| INVOKING Spit Poison.
  2124 | D:4      | 2124 ||| INVOKING Spit Poison.
  2138 | D:4      | 2138 ||| INVOKING Spit Poison.
  2141 | D:4      | 2141 ||| INVOKING Spit Poison.
  2232 | D:4      | 2232 ||| INVOKING Spit Poison.
  2259 | D:4      | 2259 ||| INVOKING Spit Poison.
  2267 | D:4      | 2267 ||| INVOKING Spit Poison.
  2274 | D:4      | 2274 ||| INVOKING Spit Poison.
  2287 | D:4      | Found a sacrificial altar of Ru.
  2323 | D:4      | 2323 ||| INVOKING Spit Poison.
  2329 | D:4      | 2329 ||| INVOKING Spit Poison.
  2333 | D:4      | 2333 ||| INVOKING Spit Poison.
  2374 | D:4      | 2374 ||| INVOKING Spit Poison.
  2385 | D:4      | 2385 ||| INVOKING Spit Poison.
  2394 | D:4      | 2394 ||| INVOKING Spit Poison.
  2397 | D:4      | 2397 ||| INVOKING Spit Poison.
  2397 | D:4      | HP: 14/57 [gnoll/+0 spear (1)]
  2398 | D:4      | HP: 5/57 [gnoll/+0 whip (7)]
  2399 | D:4      | 2399 ||| Stepping ~*~*~tactically~*~*~ (outnumbered).
  2400 | D:4      | HP: 1/57 [ufetubus (4)]
  2402 | D:4      | Slain by a gnoll

Levels and vault maps discovered:
D:1:      dpeg_arrival_brainrot, layout_loops_ring, serial_bayou_lagoon_b
D:2:      layout_basic, minmay_octomino_e4
D:3:      layout_rooms, shapermc_ecumenical_altar_mp_ritualfount, minivault_14,
          roderic_lattice_a, minivault_24, kennysheep_generic_room_9
D:4:      layout_cave_pools, mainiacjoe_overflow_small_starburst,
          mainiacjoe_overflow_catwalk, uniq_blork_the_orc

Skill      XL: |  1  2  3  4  5  6 |
---------------+-------------------+-----
Ranged Weapons | 4 5 6 |  6.3
Fighting       | 3 4 |  4.0
Dodging        | |  1.5
Stealth        | |  1.5

Action                     |  1- 3 |  4- 6 || total
---------------------------+-------+-------++-------
   Fire: Shortbow          |    68 |   150 ||   218
Ability: Spit Poison       |    21 |    56 ||    77
    Use: Scroll            |     4 |     2 ||     6
         Potion            |       |     1 ||     1
 Armour: Leather armour    |    14 |    23 ||    37
  Dodge: Dodged            |    28 |    41 ||    69

Table legend:
 A = Non-vault XP
 B = Vault XP
 C = Vault XP percentage of total XP
 D = Non-vault monster count
 E = Vault monster count
 F = Vault count percentage of total count
                 A         B        C        D         E       F
            +---------+---------+-------+---------+---------+-------
      Total |     507 |      26 |   4.9 |      90 |       7 |   7.2
            +---------+---------+-------+---------+---------+-------
        D:1 |      54 |       2 |   3.6 |      28 |       1 |   3.4
        D:2 |      92 |      20 |  17.9 |      23 |       4 |  14.8
        D:3 |     101 |       4 |   3.8 |      24 |       2 |   7.7
        D:4 |     260 |       0 |   0.0 |      15 |       0 |   0.0
            +---------+---------+-------+---------+---------+-------
